 Dungeon Crawl Stone Soup version 0.18-a0-1811-g3a71842 (console) character file.

92 MenacingMecha the Chopper (level 4, -4/37 HPs)
             Began as a Hill Orc Gladiator on Apr 27, 2016.
             Was a Follower of Makhleb.
             Slain by Grinder (9 damage)
             ... on level 3 of the Dungeon.
             The game lasted 00:07:51 (2476 turns).

MenacingMecha the Chopper (Hill Orc Gladiator)      Turns: 2476, Time: 00:07:52

Health: -4/37      AC: 10    Str: 16 (17) XL:     4   Next: 60%
Magic:  4/4        EV: 11    Int: 13      God:    Makhleb [*.....]
Gold:   131        SH:  0    Dex: 11 (12) Spells: 0 memorised, 3 levels left

rFire  . . .     SeeInvis +     a - +0 war axe
rCold  + . .     Gourm    .     g - +2 ring mail {rC+}
rNeg   . . .     Faith    .     (no shield)
rPois  .         Spirit   .     t - +2 helmet {SInv}
rElec  .         Dismiss  .     (no cloak)
rCorr  .         Reflect  .     (no gloves)
SustAt .         Harm     .     (no boots)
MR     .....                    (no amulet)
Stlth  +.........               (no ring)
                                (no ring)

@: brilliant, not resistant to hostile enchantments, very unstealthy
A: no striking features
a: Renounce Religion


You were on level 3 of the Dungeon.
You worshipped Makhleb.
Makhleb was aware of your devotion.
You were not hungry.

You visited 1 branch of the dungeon, and saw 3 of its levels.

You collected 131 gold pieces.

Inventory:

Hand Weapons
 a - a +0 war axe (weapon)
Missiles
 m - 18 poisoned needles
Armour
 g - a +2 ring mail of cold resistance (worn)
 p - a +0 shield of reflection
 t - a +2 helmet of see invisible (worn)
Scrolls
 e - 2 scrolls of recharging {unknown}
 k - 2 scrolls of random uselessness {unknown}
 l - 2 scrolls of blinking {unknown}
 q - 3 scrolls of identify {unknown}
 r - a scroll of enchant armour {unknown}
 s - a scroll of teleportation {unknown}
Potions
 h - a potion of magic
 i - a potion of curing
Comestibles
 c - 3 chunks of flesh
 f - 5 bread rations
 j - 4 meat rations
 o - a slice of pizza


   Skills:
 - Level 2.4 Fighting
 + Level 6.9 Axes
 - Level 1.7 Throwing
 - Level 2.4 Dodging


You had 3 spell levels left.
You didn't know any spells.

Dungeon Overview and Level Annotations

Branches:
Dungeon (3/15)

Altars:
Makhleb
Okawaru

Annotations:
D:3 Grinder


Message History

You throw a throwing net.
The throwing net closely misses Grinder.
You closely miss Grinder.
Grinder is heavily wounded.
Grinder hits you but does no damage.
You closely miss Grinder.
Grinder is heavily wounded.
Grinder blinks!
Grinder gestures at you. Pain shoots through your body!
Grinder gestures at you. Pain shoots through your body!
* * * LOW HITPOINT WARNING * * *
Grinder hits you.
* * * LOW HITPOINT WARNING * * *
You writhe in agony. x2
You slash Grinder!
Grinder is heavily wounded.
Grinder hits you!
You die...

### #.# #(# # #.# #.#
# #.##### #.# #
#.#.(.## #.# #
#......###.# #
#.......##.# #
#.......##(#
#####.......##(######
...###.....##....@5.#
....###...####.####.#
......)..## ### #
....###### ...## #.##
#.# #.# #.#


You could see Grinder.

Vanquished Creatures
  Robin (D:3)
  An adder (D:3)
  A worm (D:2)
  5 dart slugs
  A giant gecko (D:1)
  An orc (D:3)
  A ball python (D:2)
  7 goblins
  10 hobgoblins
  7 jackals (D:2)
  9 bats
  5 giant newts
  A kobold (D:1)
  6 rats
56 creatures vanquished.

Notes
Turn   | Place    | Note
--------------------------------------------------------------
     0 | D:1      | MenacingMecha the Hill Orc Gladiator began the quest for the Orb.
     0 | D:1      | Reached XP level 1. HP: 18/18 MP: 1/1
    84 | D:1      | Reached XP level 2. HP: 25/25 MP: 2/2
   551 | D:1      | Reached skill level 5 in Axes
   782 | D:1      | Reached XP level 3. HP: 30/30 MP: 3/3
   964 | D:2      | Found a burning altar of Makhleb.
   964 | D:2      | Noticed a green death
   977 | D:2      | Noticed a ynoxinul
   977 | D:2      | Noticed a hellwing
   979 | D:2      | Became a worshipper of Makhleb the Destroyer
  1429 | D:2      | Found an iron altar of Okawaru.
  1631 | D:2      | Reached skill level 6 in Axes
  2106 | D:3      | Noticed Robin
  2118 | D:3      | Reached XP level 4. HP: 36/37 MP: 4/4
  2121 | D:3      | Reached * piety under Makhleb
  2130 | D:3      | Killed Robin
  2434 | D:3      | Noticed Grinder
  2476 | D:3      | Slain by Grinder

Vault maps used:
D:1:      dpeg_arrival_erosion
D:2:      old_standard_altar, makhleb_altar_promises_db, first_bread,
          minmay_misc_feat_secret_circle
D:3:      uniq_robin, uniq_grinder

Skill      XL: |  1  2  3 |
---------------+----------+-----
Axes           | 5 6 |  6.9
Fighting       | |  2.4
Throwing       | |  1.7
Dodging        | |  2.4

Action                   |  1- 3 |  4- 6 || total
-------------------------+-------+-------++-------
Melee: War axe           |   153 |    44 ||   197
Throw: Throwing net      |       |     5 ||     5
  Use: Potion            |       |     4 ||     4
 Stab: Held in net/web   |       |     3 ||     3
  Eat: Chunk             |     4 |     1 ||     5
Armor: Leather armour    |    15 |       ||    15
       Ring mail         |    72 |    18 ||    90
Dodge: Dodged            |   108 |    27 ||   135
Block: Shield            |     4 |       ||     4
